 Dungeon Crawl Stone Soup version 0.24-a0-201-gf205589 (webtiles) character file.

Game seed: 9924342516807667142

56 Inarius the Skirmisher (level 3, -6/29 HPs)
             Began as a Demonspawn Monk on Mar 21, 2019.
             Mangled by Sigmund
             ... wielding a +0 scythe
              (10 damage)
             ... on level 2 of the Dungeon.
             The game lasted 00:02:26 (1981 turns).

Inarius the Skirmisher (Demonspawn Monk)            Turns: 1981, Time: 00:02:27

Health: -6/29      AC:  9    Str:  9 (12) XL:     3   Next: 71%
Magic:  0/3        EV:  4    Int: 10 (11) God:
Gold:   76         SH:  0    Dex: 12 (15) Spells: 2/2 levels left

rFire    . . .     SeeInvis .   a - +0 hand axe
rCold    . . .     Gourm    .   (no shield)
rNeg     . . .     Faith    .   j - +0 chain mail
rPois    .         Spirit   +   (no helmet)
rElec    .         Reflect  .   (no cloak)
rCorr    .         Harm     .   e - +0 pair of gloves
MR       .....                  (no boots)
Stlth    ..........             (no amulet)
HPRegen  0.09/turn              (no ring)
MPRegen  0.08/turn              (no ring)

@: no status effects
A: magic shield, rot immunity
a: no special abilities


You were on level 2 of the Dungeon.
You were hungry.

You visited 1 branch of the dungeon, and saw 2 of its levels.

You collected 76 gold pieces.

Inventory:

Hand Weapons
 a - a +0 hand axe (weapon)
Armour
 e - a +0 pair of gloves (worn)
 j - a +0 chain mail (worn)
Scrolls
 k - a scroll of identify {unknown}
Potions
 h - a potion of degeneration
Comestibles
 c - 4 rations
 f - 7 chunks of flesh


   Skills:
 + Level 3.4 Fighting
 * Level 3.4 Axes
 + Level 3.1 Dodging
 + Level 2.2 Stealth


You had 2 spell levels left.
You didn't know any spells.
Your spell library was empty.

Dungeon Overview and Level Annotations

Branches:
Dungeon (2/15)

Altars:

Annotations:
D:2 Sigmund


Innate Abilities, Weirdness & Mutations

When hurt, damage is shared between your health and your magic reserves.
You are immune to rotting.


Message History

Your chain mail prevents you from hitting Sigmund.
Sigmund is lightly wounded.
Sigmund hits you with a +0 scythe!
* * * LOW HITPOINT WARNING * * *
You hit Sigmund.
Sigmund is lightly wounded.
Sigmund hits you with a +0 scythe.
* * * LOW HITPOINT WARNING * * *
You hit Sigmund.
Sigmund is lightly wounded.
You hit Sigmund but do no damage.
Sigmund is lightly wounded.
Sigmund hits you but does no damage.
You barely miss Sigmund.
Sigmund is lightly wounded.
Sigmund hits you but does no damage.
Your chain mail prevents you from hitting Sigmund.
Sigmund is lightly wounded.
Sigmund hits you with a +0 scythe!
You die...

#.# #...>..#
#.# ######.#
#.# #..
##.#######.#
###
#.......รท..##
#
#...........#
#
#...#######.#
# ### #.# #
#@#
###########
#@#
#..........
#.#
#.#########
#[# #.# #.#
#.# #.# #.#
#.#
#.#########
#.#
#..........
########.##
#.#####.###


You could see Sigmund.

Vanquished Creatures
  An ooze (D:1)
  A worm (D:2)
  2 dart slugs (D:1)
  3 leopard geckos
  A ball python (D:2)
  3 giant cockroaches
  5 goblins
  6 hobgoblins (D:1)
  3 jackals (D:1)
  3 bats (D:1)
  4 kobolds
  8 rats
40 creatures vanquished.

Notes
Turn   | Place    | Note
-------+----------+-------------------------------------------
     0 | D:1      | Inarius the Demonspawn Monk began the quest for the Orb.
     0 | D:1      | Reached XP level 1. HP: 18/18 MP: 1/1
   457 | D:1      | Gained mutation: When hurt, damage is shared between your
                  | health and your magic reserves. [demonic ancestry]
   457 | D:1      | Reached XP level 2. HP: 9/24 MP: 2/2
  1078 | D:1      | Gained mutation: You are immune to rotting. [demonic
                  | ancestry]
  1078 | D:1      | Reached XP level 3. HP: 26/29 MP: 3/3
  1918 | D:2      | Noticed Sigmund
  1981 | D:2      | Mangled by Sigmund

Levels and vault maps discovered:
D:1:      dpeg_arrival_ratfight, layout_loops_ring
D:2:      layout_loops_ring, uniq_sigmund, uniq_natasha

Skill      XL: |  1  2 |
---------------+-------+-----
Stealth        | 2 |  2.2
Axes           | 3 |  3.4
Dodging        | 3 |  3.1
Fighting       | |  3.4

Action                   || total
-------------------------++-------
Melee: Hand axe          ||   154
  Use: Potion            ||     3
       Scroll            ||     2
  Eat: Chunk             ||     3
Armor: Robe              ||    30
       Chain mail        ||    27
       Skin              ||     9
       Ring mail         ||     5
Dodge: Dodged            ||   100

Table legend:
 A = Non-vault XP
 B = Vault XP
 C = Vault XP percentage of total XP
 D = Non-vault monster count
 E = Vault monster count
 F = Vault count percentage of total count
                 A         B        C        D         E       F
            +---------+---------+-------+---------+---------+-------
      Total |      76 |       5 |   6.2 |      35 |       5 |  12.5
            +---------+---------+-------+---------+---------+-------
        D:1 |      51 |       5 |   8.9 |      23 |       5 |  17.9
        D:2 |      25 |       0 |   0.0 |      12 |       0 |   0.0
            +---------+---------+-------+---------+---------+-------
